 Dungeon Crawl Stone Soup version 0.26-b1-52-g61e05abef2 (webtiles) character file.

Game seed: 2446989621852221679

1754 hawla the Magician (level 8, -12/61 HPs)
             Began as a Yellow Draconian Conjurer on Jan 7, 2021.
             Was an Initiate of Gozag.
             Mangled by Menkaure (18 damage)
             ... on level 6 of the Dungeon.
             The game lasted 00:19:19 (6389 turns).

hawla the Magician (Yellow Draconian Conjurer)      Turns: 6389, Time: 00:19:22

Health: -12/61     AC:  6    Str: 10    XL:     8   Next: 78%
Magic:  1/27       EV: 12    Int: 20    God:    Gozag
Gold:   542        SH:  5    Dex: 10    Spells: 8/21 levels left

rFire    . . .     SeeInvis .   d - +0 short sword (vamp)
rCold    . . .     Faith    .   (no shield)
rNeg     . . .     Spirit   .   (armour unavailable)
rPois    .         Reflect  +   (helmet restricted)
rElec    .         Harm     .   (no cloak)
rCorr    +         Rampage  .   (no gloves)
Will     .....                  (no boots)
Stlth    ++........             c - amulet of reflection
HPRegen  0.20/turn              b - ring of magical power
MPRegen  0.20/turn              (no ring)

@: no status effects
A: spit acid, unfitting armour, cold-blooded, acid resistance, AC +6
a: Breathe Acid, Renounce Religion, Potion Petition, Call Merchant, Bribe Branch


You were on level 6 of the Dungeon.
You worshipped Gozag.
Gozag was pleased with you.
You visited 2 branches of the dungeon, and saw 8 of its levels.

You collected 614 gold pieces.
You paid 72 gold pieces to Gozag.

Inventory:

Hand Weapons
 d - a +0 vampiric short sword (weapon)
Missiles
 k - 2 boomerangs
Jewellery
 b - a ring of magical power (left hand)
 c - an amulet of reflection (around neck)
Wands
 g - a wand of iceblast (8)
Scrolls
 a - a scroll of magic mapping
 h - 4 scrolls of teleportation
 j - a scroll of noise {unknown}
 n - a scroll of blinking
Potions
 e - a potion of lignification
 f - 2 potions of curing {unknown}
 i - a potion of heal wounds
 l - a potion of attraction {unknown}
 m - 2 potions of flight
 o - a potion of resistance {unknown}


   Skills:
 - Level 2.0 Fighting
 - Level 2.0 Dodging
 - Level 2.0 Stealth
 + Level 7.3 Spellcasting
 - Level 6.4 Conjurations
 + Level 1.7 Hexes
 - Level 4.9 Translocations
 + Level 2.0 Fire Magic


You had 8 spell levels left.
You knew the following spells:

 Your Spells              Type           Power        Failure   Level
a - Magic Dart            Conj           100%         1%          1
b - Searing Ray           Conj           66%          1%          2
c - Iskenderun's Mystic   Conj/Tloc      30%          9%          4
d - Inner Flame           Hex/Fire       15%          12%         3
e - Conjure Flame         Conj/Fire      24%          4%          3

Your spell library contained the following spells:

 Spells                   Type           Power        Failure   Level
 Foxfire                  Conj/Fire      96%          1%          1
 Dazzling Flash           Conj/Hex       46%          4%          3
 Sticky Flame             Conj/Fire      24%          16%         4
 Fulminant Prism          Conj/Hex       11%          17%         4
 Fireball                 Conj/Fire      12%          41%         5


Dungeon Overview and Level Annotations

Branches:
Dungeon (7/15)             Temple (1/1) D:5

Altars:
Ashenzari
Dithmenos
Elyvilon
Fedhas
Gozag
Hepliaklqana
Kikubaaqudgha
Makhleb
Nemelex Xobeh
Okawaru
Ru
Sif Muna
Vehumet
Wu Jian
Yredelemnul
Zin
The Shining One

Annotations:
D:4 2 transporters, handsome's ghost, weakling OpAK
D:6 Menkaure


Innate Abilities, Weirdness & Mutations

You can spit globs of acid.
Your golden yellow scales are hard. (AC +6)
You cannot fit into any form of body armour.
You are cold-blooded and may be slowed by cold attacks.
You are resistant to acid. (rCorr)


Message History

Menkaure is heavily damaged.
The searing ray hits the orc priest!
You kill the orc priest!
The searing ray hits Menkaure.
Menkaure is heavily damaged.
Your Fire Magic skill increases to level 2!
You hit Menkaure.
Menkaure is severely damaged.
Menkaure hits you.
You hit Menkaure but do no damage. You tail-slap Menkaure.
Menkaure is severely damaged.
Menkaure hums a few words.
Menkaure barely misses you.
You hit Menkaure but do no damage.
Menkaure is severely damaged.
Menkaure hits you!!
* * * LOW HITPOINT WARNING * * *
Menkaure hits you!!
You die...
Your body crumbles into a pile of gold.

### ..#
#.#########
#.##.....@#
#.##.####M#
#.##.# #$#
#######.##.#
#$#
#..........#
#$#
##.#####.####
.)$ ##.# #.#
.)$
...#####.##
..$.#
...........
.#.##


You could see Menkaure (fast).

Vanquished Creatures
  Sigmund (D:2)
  Eustachio (D:4)
  2 phantoms
  An ice beast (D:5)
  An ogre (D:5)
  A centaur (D:5)
  2 bullfrogs (D:6)
  A scorpion (D:5)
  A howler monkey (D:5)
  A jelly (D:6)
  A gnoll shaman (D:5)
  3 hounds
  5 orc priests
  A centaur skeleton (D:6)
  3 orc wizards
  Ijyb (D:5)
  Terence (D:3)
  2 worker ants
  Robin (D:2)
  A worker ant zombie (D:6)
  6 adders
  7 gnolls (D:5)
  A white imp (D:7)
  An ufetubus (D:7)
  An ooze (D:3)
  4 worms
  2 dart slugs
  3 leopard geckos
  22 orcs
  3 giant cockroaches
  16 goblins
  8 hobgoblins
  10 jackals
  6 kobolds
  3 quokkas
  2 ball pythons
  6 bats
  8 frilled lizards
  2 rats
142 creatures vanquished.

Notes
Turn   | Place    | Note
-------+----------+-------------------------------------------
     0 | D:1      | hawla the Draconian Conjurer began the quest for the Orb.
     0 | D:1      | Reached XP level 1. HP: 14/14 MP: 3/3
     6 | D:1      | Noticed an anaconda
     6 | D:1      | Noticed a black bear
     6 | D:1      | Noticed a worker ant
     7 | D:1      | Noticed a swamp drake
     7 | D:1      | Noticed a snapping turtle
   408 | D:1      | Reached XP level 2. HP: 20/20 MP: 0/5
  1157 | D:2      | Reached skill level 3 in Spellcasting
  1248 | D:2      | Noticed Sigmund
  1259 | D:2      | Learned a level 2 spell: Searing Ray
  1319 | D:2      | Killed Sigmund
  1320 | D:2      | Reached skill level 5 in Spellcasting
  1320 | D:2      | Reached XP level 3. HP: 17/26 MP: 7/9
  1320 | D:2      | Reached XP level 4. HP: 21/33 MP: 7/11
  1320 | D:2      | Reached XP level 5. HP: 24/38 MP: 7/12
  1327 | D:2      | Learned a level 4 spell: Iskenderun's Mystic Blast
  1935 | D:2      | Found a basalt altar of Yredelemnul.
  2311 | D:3      | Found a sparkling altar of Nemelex Xobeh.
  2311 | D:3      | Noticed Robin
  2392 | D:2      | Killed Robin
  2510 | D:3      | Reached skill level 1 in Translocations
  2561 | D:3      | Reached XP level 6. HP: 46/46 MP: 13/13
  2628 | D:3      | Noticed Terence
  2718 | D:3      | Killed Terence
  2719 | D:3      | Reached skill level 1 in Fighting
  3097 | D:3      | Found a sacrificial altar of Ru.
  4032 | D:4      | Noticed Eustachio
  4039 | D:4      | Killed Eustachio
  4040 | D:4      | Your scales start taking on a golden yellow colour.
  4040 | D:4      | Reached XP level 7. HP: 55/55 MP: 9/15
  4040 | D:4      | Gained mutation: You are resistant to acid. (rCorr) [Yellow
                  | Draconian growth]
  4128 | D:4      | Found an opulent altar of Gozag.
  4140 | D:4      | Became a worshipper of Gozag Ym Sagoz the Greedy
  4176 | D:4      | Found a transporter.
  4275 | D:4      | Reached skill level 5 in Conjurations
  4637 | D:4      | Noticed handsome's ghost (weakling OpAK)
  4639 | D:4      | Found a transporter.
  4920 | D:5      | Entered Level 5 of the Dungeon
  4981 | D:5      | Noticed Ijyb
  4984 | D:5      | Reached skill level 6 in Spellcasting
  4988 | D:5      | Killed Ijyb
  5065 | D:5      | Found a staircase to the Ecumenical Temple.
  5073 | Temple   | Entered the Ecumenical Temple
  5242 | D:5      | Reached XP level 8. HP: 61/61 MP: 17/17
  6009 | D:6      | Learned a level 3 spell: Inner Flame
  6013 | D:6      | Learned a level 3 spell: Conjure Flame
  6036 | D:6      | Reached skill level 7 in Spellcasting
  6058 | D:7      | Found a glowing golden altar of the Shining One.
  6358 | D:6      | Reached skill level 1 in Hexes
  6358 | D:6      | Reached skill level 1 in Fire Magic
  6359 | D:6      | Noticed Menkaure
  6389 | D:6      | Mangled by Menkaure

Illustrated notes

Levels and vault maps discovered:
D:1:      onia_arrival_zoo_common, layout_basic, minmay_hexomino_u4
D:2:      layout_basic, marbit_many_paths, uniq_sigmund
D:3:      layout_rooms, nemelex_xobeh_ov_fountains_minmay,
          nicolae_ru_great_annihilating_truth, lightli_corner_chamber,
          uniq_robin, uniq_terence
D:4:      layout_basic, nicolae_gozag_seed_capital, gammafunk_ghost_mausoleum,
          uniq_eustachio
D:5:      layout_basic, temple_doors_cd, uniq_ijyb
D:6:      layout_loops_ring, nicolae_overflow_hidden_temple, hex_tiny,
          guppyfry_shop_venom, uniq_blork_the_orc, uniq_menkaure
D:7:      layout_basic, tso_metal_star
Temple:   nicolae_temple_no_exploring_needed

Skill      XL: |  1  2  3  4  5  6  7  8 |
---------------+-------------------------+-----
Stealth        | 2 |  2.0
Dodging        | 2 |  2.0
Spellcasting   | 5 6 7 |  7.3
Translocations | 1 2 3 4 |  4.9
Fighting       | 2 |  2.0
Conjurations   | 5 6 |  6.4
Hexes          | 1 |  1.7
Fire Magic     | 2 |  2.0

Action                   |  1- 3 |  4- 6 |  7- 9 || total
-------------------------+-------+-------+-------++-------
Melee: Unarmed           |    22 |       |       ||    22
       Whip              |     6 |    10 |       ||    16
       Tailslap          |     2 |     3 |     1 ||     6
       Short sword       |       |    61 |     8 ||    69
 Cast: Magic Dart        |    32 |    32 |    63 ||   127
       Searing Ray       |     2 |    33 |    29 ||    64
       Iskenderun's Myst |       |     7 |     6 ||    13
       Inner Flame       |       |       |     4 ||     4
       Conjure Flame     |       |       |     2 ||     2
 Abil: Breathe Acid      |       |       |     2 ||     2
  Use: Scroll            |     4 |     2 |     5 ||    11
       Potion            |       |     2 |       ||     2
 Stab: Paralysed         |       |     2 |       ||     2
Armor: Skin              |     9 |    77 |     4 ||    90
Dodge: Dodged            |    26 |    43 |    15 ||    84
Block: Other             |       |    24 |     8 ||    32
       Reflection        |       |     2 |       ||     2
